 Dungeon Crawl Stone Soup version 0.30-a0-359-gd0147acb1a (webtiles) character file.

Game seed: 14133003030203150802

51038 holysushi the Fencer (level 15, -2/124 HPs)
             Began as a Meteoran Earth Elementalist on Nov 11, 2022.
             Was a High Priest of Vehumet.
             Shot with an arrow by a naga sharpshooter (17 damage)
             ... on level 1 of the Snake Pit.
             The game lasted 00:50:35 (7159 turns).

holysushi the Fencer (Meteoran Earth Elementalist)  Turns: 7159, Time: 00:50:36

Health: -2/124     AC: 10    Str: 11    XL:     15   Next: 39%
Magic:  20/20      EV: 26    Int: 19    God:    Vehumet [*****.]
Gold:   697        SH:  0    Dex: 26    Spells: 8/19 levels left

rFire   . . .      SeeInvis +    g - +11 plutonium sword {Contam Stlth-}
rCold   + . .      Faith    .    (shield currently unavailable)
rNeg    . . .      Spirit   .    E - +0 leather armour {Will+}
rPois   .          Reflect  .    z - +0 helmet of Modesty {rElec rC+}
rElec   +          Harm     .    d - +0 cloak
rCorr   .          Rampage  .    t - +2 pair of gloves {hurl}
Will    ++...                    r - +1 pair of boots
Stlth   +.........               q - amulet of the acrobat
HPRegen 0.40/turn                f - +6 ring of dexterity
MPRegen 0.17/turn                G - ring of see invisible

@: lethally poisoned (-2 -> -6), glowing
A: sense surroundings 2, otherworldly, glowing, explore regen
a: Renounce Religion


You were on level 1 of the Snake Pit.
You worshipped Vehumet.
Vehumet was extremely pleased with you.
You visited 4 branches of the dungeon, and saw 18 of its levels.
You also visited: Ice Cave.

You collected 937 gold pieces.
You spent 240 gold pieces at shops.

Inventory:

Hand Weapons
 g - the +11 plutonium sword (weapon) {Contam Stlth-}
   (You acquired it on level 10 of the Dungeon)

   It occasionally inflicts wild transmutation effects on those it strikes,
   inflicting malmutation or extra damage, or polymorphing them into a new form.
   Contam:    It causes magical contamination when unequipped.
   Stlth:     It makes you less stealthy.
 s - the +6 short sword of Light {vorpal, Str+6}
   (You took it off a gnoll sergeant on level 8 of the Dungeon)

   It inflicts extra damage upon your enemies.
   Str:       It affects your strength (+6).
 y - a +1 dagger of electrocution
 C - a +3 falchion
Missiles
 m - 15 javelins (quivered)
Armour
 d - a +0 cloak (worn)
 r - a +1 pair of boots (worn)
 t - a +2 pair of gloves of hurling (worn)
 z - the +0 helmet of Modesty (worn) {rElec rC+}
   (You found it on level 8 of the Dungeon)

   rC:        It protects you from cold.
   rElec:     It insulates you from electricity.
 E - a +0 leather armour of willpower (worn)
 M - a +3 ring mail
 Q - a +2 buckler of cold resistance
Magical Staves
 x - a staff of air
 K - a staff of earth
Jewellery
 f - a +6 ring of dexterity (left hand)
 o - a ring of resist corrosion
 q - an amulet of the acrobat (around neck)
 u - a ring of poison resistance
 v - an amulet of reflection
 B - a ring of protection from fire
 G - a ring of see invisible (right hand)
 J - a +6 ring of intelligence
 R - a ring of ice
Wands
 a - a wand of mindburst (16)
 b - a wand of polymorph (9)
 h - a wand of flame (53)
 p - a wand of digging (4)
 L - a wand of paralysis (13)
Scrolls
 e - 2 scrolls of enchant weapon
 w - a scroll of teleportation
 A - 2 scrolls of butterflies
 D - 2 scrolls of identify
Potions
 c - 2 potions of brilliance
 i - a potion of heal wounds
 j - 2 potions of flight
 k - 7 potions of attraction
 l - 2 potions of might
 n - a potion of berserk rage
 F - 2 potions of cancellation
 I - a potion of mutation
 O - 2 potions of curing
Miscellaneous
 S - a tin of tremorstones (2/2)


   Skills:
 + Level 9.1 Fighting
 * Level 19.4 Long Blades
 + Level 15.3 Dodging
 - Level 1.4 Stealth
 - Level 2.6 Spellcasting
 - Level 1.2 Transmutations
 - Level 12.4 Earth Magic
 - Level 6.0 Evocations


You had 8 spell levels left.
You knew the following spells:

 Your Spells              Type           Power      Damage    Failure   Level
a - Sandblast             Erth           98%        2d20      1%          1
b - Passwall              Tmut/Erth      23%        N/A       1%          2
c - Stone Arrow           Conj/Erth      52%        3d10      1%          3
d - Lee's Rapid Deconstr  Erth           24%        3d13*     1%          5

Your spell library contained the following spells:

 Spells                   Type           Power      Damage    Failure   Level
 Irradiate                Conj/Tmut      2%         3d12      71%         5
 Poisonous Vapours        Pois/Air       4%         N/A       9%          2
 Petrify                  Tmut/Erth      28%        N/A       13%         4
 Sting                    Tmut/Pois      16%        1d3       16%         1
 Leda's Liquefaction      Hex/Erth       13%        N/A       16%         4
 Ensorcelled Hibernation  Hex/Ice        4%         N/A       30%         2
 Spider Form              Tmut/Pois      4%         N/A       43%         3
 Olgreb's Toxic Radiance  Pois           2%         N/A       45%         4
 Ozocubu's Armour         Ice            2%         N/A       52%         3
 Summon Guardian Golem    Hex/Summ       2%         N/A       52%         3
 Statue Form              Tmut/Erth      18%        N/A       89%         6
 Anguish                  Hex/Necr       1%         N/A       90%         4
 Summon Ice Beast         Ice/Summ       2%         N/A       90%         4
 Summon Mana Viper        Hex/Summ       2%         N/A       99%         5
 Monstrous Menagerie      Summ           1%         N/A       100%        7
 Orb of Destruction       Conj           1%         9d5       100%        7
 Ozocubu's Refrigeration  Ice            1%         4d7       100%        7
 Spellforged Servitor     Conj/Summ      1%         N/A       100%        7


Dungeon Overview and Level Annotations

Branches:
Dungeon (10/15) Zot: 1201  Temple (1/1) D:6 Zot: 505    Lair (5/5) D:10 Zot: 1064
  Swamp (0/4) Lair:2        Snake (2/4) Lair:2 Zot: 1017     Orc (0/2) D:10
  IceCv (visited)
  Slime: Lair:4-5

Altars:
Ashenzari
Cheibriados
Dithmenos
Elyvilon
Gozag
Kikubaaqudgha
Makhleb
Nemelex Xobeh
Okawaru
Qazlal
Ru
Trog
Uskayaw
Vehumet
Wu Jian
Xom
The Shining One

Shops:
D:5 [   D:7 *

Annotations:
D:3 exclusion: downstairs
D:4 Dowan, Duvessa
D:6 3 runed translucent doors, DyvineHeals's ghost, novice TeVM
D:7 1 runed translucent door, exclusion: downstairs, Crazy Yiuf
D:9 exclusion: 2 downstairs
Lair:4 3 runed translucent doors


Innate Abilities, Weirdness & Mutations

You passively map the area around you.
You are easily found by Zot.
You glow in the dark.
You regain HP and MP as you explore.


Message History

You slice the black mamba!!
Mutagenic energy flows through the plutonium sword!
The black mamba twitches.
The black mamba twists and deforms.
The black mamba is almost dead.
You feel very sick.
You closely miss the mana viper.
The mana viper is almost dead.
You feel sick.
You slash the mana viper!
You kill the mana viper!
Vehumet accepts your kill.
You feel your power returning.
You feel very sick.
You slash the black mamba!
You kill the black mamba!
Vehumet accepts your kill.
You feel sick.
You slash the naga sharpshooter!
The naga sharpshooter is lightly wounded.
You feel sick.
The naga sharpshooter spits poison at you.
The splash of poison hits you but does no damage.
You are more poisoned.
You barely miss the naga sharpshooter.
The naga sharpshooter is lightly wounded.
You feel sick.
You slice the naga sharpshooter!!
The naga sharpshooter is moderately wounded.
You feel sick.
The naga sharpshooter unwields a +0 vorpal mace.
The naga sharpshooter wields a +0 longbow.
The naga sharpshooter shoots an arrow.
The arrow hits you!!
* * * LOW HITPOINT WARNING * * *
You slash the naga sharpshooter!
The naga sharpshooter is heavily wounded.
You feel sick.
The naga sharpshooter gestures wildly while chanting.
The naga sharpshooter magically shoots an arrow.
The arrow hits you!
You die...

## #.# #.# #.# ##.##
##.... ..####
*#....)###....##### * ##
#@###.......### #
#.###N.#.........#
#...#.^#...#........# ##
#.....S.............##.#
*
......N.............#.###
,
......##.............##.#
*
).....#.......#....##...#
............#......#.>#.#
,
..N.........##....#...#.#


You could see a naga sharpshooter.

Vanquished Creatures
  Kirke (Snake:1)
  A frost giant (IceCv)
  3 hydras
  Harold (Lair:2)
  A centaur warrior (D:9)
  A catoblepas (Lair:2)
  A two-headed ogre (D:10)
  A boulder beetle (Lair:1)
  4 death yaks (IceCv)
  A naga sharpshooter (Snake:1)
  A shock serpent (Snake:2)
  Urug (D:10)
  Amaemon (Lair:2)
  A naga ritualist (Snake:1)
  Pikel (D:6)
  2 mana vipers (Snake:1)
  A faun (Snake:1)
  3 elephants (Lair:5)
  6 black mambas
  The ghost of koil the Chopper, a novice HORe (D:5)
  An orange demon (Lair:2)
  8 cane toads
  An ice statue (IceCv)
  4 rime drakes
  2 kobold demonologists
  4 komodo dragons
  2 trolls
  18 polar bears
  3 tyrant leeches
  Prince Ribbit (D:7)
  17 dream sheep
  7 blink frogs (Lair:5)
  3 shadows
  55 yaks
  3 wyverns
  2 wraiths
  A vampire (D:10)
  A ynoxinul (Lair:5)
  3 basilisks
  2 hogs (Snake:1)
  A steam dragon (Lair:1)
  2 wargs (D:9)
  A naga (Snake:1)
  An acid dragon (D:9)
  Edmund (D:4)
  A swamp worm (Lair:2)
  15 water moccasins
  5 black bears
  3 orc warriors
  A sky beast (D:6)
  An ogre (D:4)
  21 wolves
  3 centaurs
  2 phantoms
  2 kobold brigands
  13 bullfrogs
  2 gnoll sergeants
  3 scorpions
  2 necrophages
  7 wights
  17 killer bees
  2 electric eels (D:8)
  3 howler monkeys (D:9)
  4 crimson imps (D:8)
  A gnoll bouda (D:5)
  A hound (D:6)
  8 orc priests
  A jelly (D:8)
  Jessica (D:3)
  3 iguanas
  Ijyb (D:4)
  15 orc wizards
  3 small abominations (Lair:5)
  12 gnolls
  11 adders
  2 shadow imps
  A white imp (D:7)
  2 worms
  52 orcs
  5 bats
  2 endoplasms
  4 giant cockroaches
  6 hobgoblins
  2 jackals (D:4)
  13 kobolds
  3 quokkas
  8 ball pythons
  5 frilled lizards
  6 goblins
  5 rats
457 creatures vanquished.

Vanquished Creatures (collateral kills)
  A dream sheep (Lair:4)
  A bullfrog (Lair:4)
2 creatures vanquished.

Vanquished Creatures (others)
  79 fungi
  66 plants
145 creatures vanquished.

Grand Total: 604 creatures vanquished

Notes
Turn   | Place    | Note
-------+----------+-------------------------------------------
     0 | D:1      | holysushi the Meteoran Earth Elementalist began the quest
                  | for the Orb.
     0 | D:1      | Reached XP level 1. HP: 14/14 MP: 5/5
   109 | D:2      | Reached XP level 2. HP: 20/20 MP: 2/6
   263 | D:1      | Reached XP level 3. HP: 26/26 MP: 6/8
   319 | D:1      | Found a faded altar of an unknown god.
   454 | D:3      | Reached skill level 5 in Earth Magic
   516 | D:2      | Learned a level 2 spell: Passwall
   520 | D:2      | Learned a level 3 spell: Stone Arrow
   757 | D:2      | Reached XP level 4. HP: 21/33 MP: 2/9
   851 | D:4      | Found a stormy altar of Qazlal.
   863 | D:4      | Noticed Dowan
   866 | D:4      | Noticed Duvessa
   965 | D:3      | Noticed Jessica
   970 | D:3      | Killed Jessica
   971 | D:3      | Reached XP level 5. HP: 38/38 MP: 7/10
  1002 | D:3      | Found an ornate altar of the Wu Jian Council.
  1119 | D:4      | Found an iron altar of Okawaru.
  1127 | D:4      | Reached XP level 6. HP: 39/45 MP: 5/11
  1189 | D:4      | Noticed Ijyb
  1195 | D:4      | Killed Ijyb
  1267 | D:4      | Noticed Edmund
  1284 | D:4      | HP: 2/45 [Edmund/+0 vorpal flail (3)]
  1285 | D:4      | Killed Edmund
  1286 | D:4      | Reached XP level 7. HP: 2/50 MP: 3/12
  1404 | D:5      | Entered Level 5 of the Dungeon
  1432 | D:6      | Noticed DyvineHeals's ghost (novice TeVM)
  1525 | D:5      | Found a sacrificial altar of Ru.
  1560 | D:5      | Found Edwetana's Armour Shop.
  1592 | D:6      | Found an ancient bone altar of Kikubaaqudgha.
  1605 | D:6      | Reached skill level 10 in Earth Magic
  1605 | D:6      | Reached XP level 8. HP: 41/57 MP: 2/13
  1870 | D:5      | Found a runed translucent door.
  1875 | D:5      | Noticed koil's ghost (novice HORe)
  1890 | D:5      | Killed koil's ghost
  1891 | D:5      | Gained mutation: You passively map the area around you.
                  | [Meteoran growth]
  1891 | D:5      | Reached XP level 9. HP: 62/62 MP: 5/14
  1912 | D:5      | Found a runed translucent door.
  1968 | D:5      | Reached skill level 1 in Fighting
  2008 | D:5      | Found a shadowy altar of Dithmenos.
  2210 | D:7      | Noticed Pikel
  2229 | D:6      | Killed Pikel
  2260 | D:6      | Found a runed translucent gate.
  2260 | D:6      | Found a runed translucent gate.
  2260 | D:6      | Found a runed translucent gate.
  2269 | D:6      | Identified the +0 ring mail of the Arena {+Blink rPois}
  2462 | D:6      | Found a staircase to the Ecumenical Temple.
  2471 | Temple   | Entered the Ecumenical Temple
  2539 | Temple   | Became a worshipper of Vehumet
  2698 | D:7      | Found Ryatav's Serpentskin Sales.
  2703 | D:7      | Bought a ring of poison resistance for 240 gold pieces
  2747 | D:7      | Noticed Prince Ribbit
  2761 | D:7      | Killed Prince Ribbit
  2762 | D:7      | Reached XP level 10. HP: 77/78 MP: 8/15
  2787 | D:7      | Found a runed translucent door.
  2788 | D:7      | Noticed Crazy Yiuf
  2917 | D:7      | Found a white marble altar of Elyvilon.
  2928 | D:7      | Reached * piety under Vehumet
  2928 | D:7      | Offered knowledge of Magic Dart by Vehumet.
  3043 | D:8      | Reached skill level 10 in Dodging
  3151 | D:8      | Found a broken altar of Ashenzari.
  3174 | D:8      | Identified the +0 helmet of Modesty {rElec rC+}
  3190 | D:8      | Found a shimmering altar of Xom.
  3278 | D:8      | Offered knowledge of Kiss of Death by Vehumet.
  3280 | D:8      | Reached ** piety under Vehumet
  3522 | D:8      | Found an opulent altar of Gozag.
  3602 | D:9      | Reached XP level 11. HP: 58/84 MP: 11/16
  3642 | D:9      | Offered knowledge of Ignite Poison by Vehumet.
  3695 | D:9      | Reached skill level 5 in Fighting
  3792 | D:9      | Reached *** piety under Vehumet
  3882 | D:9      | Noticed a centaur warrior
  3933 | D:9      | Killed a centaur warrior
  4039 | D:9      | Identified the +6 short sword of Light {vorpal, Str+6}
  4045 | D:9      | Offered knowledge of Fulminant Prism by Vehumet.
  4219 | D:10     | Entered Level 10 of the Dungeon
  4352 | D:10     | Found a staircase to the Orcish Mines.
  4355 | D:10     | Noticed a two-headed ogre
  4372 | D:9      | Reached XP level 12. HP: 21/101 MP: 17/17
  4427 | D:9      | Reached skill level 1 in Evocations
  4483 | D:10     | Killed a two-headed ogre
  4502 | D:10     | Reached **** piety under Vehumet
  4514 | D:10     | Noticed Urug
  4530 | D:10     | Killed Urug
  4531 | D:10     | Reached skill level 5 in Evocations
  4554 | D:10     | Noticed a soul eater
  4555 | D:10     | Offered knowledge of Freezing Cloud by Vehumet.
  4593 | D:10     | Found a staircase to the Lair.
  4616 | D:10     | Identified a scroll of acquirement
  4616 | D:10     | Acquired the +11 plutonium sword {Contam Stlth-}
  4616 | D:10     | Found the +11 plutonium sword {Contam Stlth-}
  4635 | D:10     | Reached skill level 1 in Long Blades
  4636 | D:10     | Reached skill level 2 in Long Blades
  4650 | Lair:1   | Entered Level 1 of the Lair of Beasts
  4754 | Lair:1   | Reached skill level 3 in Long Blades
  4780 | Lair:1   | Reached skill level 4 in Long Blades
  4827 | Lair:1   | Reached skill level 5 in Long Blades
  4919 | Lair:2   | Found a staircase to the Snake Pit.
  4921 | Lair:2   | Noticed a boulder beetle
  4929 | Lair:1   | Reached skill level 6 in Long Blades
  5024 | Lair:1   | Reached skill level 7 in Long Blades
  5128 | Lair:1   | Reached skill level 8 in Long Blades
  5135 | Lair:1   | Reached XP level 13. HP: 52/108 MP: 15/18
  5143 | Lair:1   | Reached skill level 9 in Long Blades
  5270 | Lair:2   | Found a staircase to the Swamp.
  5287 | Lair:2   | Noticed Harold
  5296 | Lair:2   | Killed Harold
  5296 | Lair:2   | Noticed Amaemon
  5297 | Lair:2   | Reached skill level 10 in Long Blades
  5310 | Lair:2   | Noticed a catoblepas
  5323 | Lair:2   | Killed a catoblepas
  5323 | Lair:2   | Reached ***** piety under Vehumet
  5327 | Lair:2   | Offered knowledge of Eringya's Noxious Bog by Vehumet.
  5330 | Lair:2   | Reached skill level 11 in Long Blades
  5370 | Lair:1   | Killed a boulder beetle
  5438 | Lair:2   | Reached skill level 12 in Long Blades
  5448 | Lair:2   | Killed Amaemon
  5597 | Lair:3   | Reached skill level 13 in Long Blades
  5649 | Lair:4   | Found a runed translucent gate.
  5649 | Lair:4   | Found a runed translucent gate.
  5649 | Lair:4   | Found a runed translucent gate.
  5727 | Lair:3   | Noticed a five-headed hydra
  5735 | Lair:3   | Killed an eight-headed hydra
  5765 | Lair:3   | Reached skill level 14 in Long Blades
  5916 | Lair:4   | Reached XP level 14. HP: 65/116 MP: 19/19
  5944 | Lair:5   | Entered Level 5 of the Lair of Beasts
  5993 | Lair:4   | Found a frozen archway.
  6002 | IceCv    | Entered an ice cave
  6042 | IceCv    | Reached skill level 15 in Long Blades
  6132 | IceCv    | Learned a level 5 spell: Lee's Rapid Deconstruction
  6226 | IceCv    | Reached skill level 16 in Long Blades
  6261 | IceCv    | Offered knowledge of Irradiate by Vehumet.
  6402 | IceCv    | Noticed a frost giant
  6423 | IceCv    | Killed a frost giant
  6424 | IceCv    | Reached skill level 17 in Long Blades
  6460 | IceCv    | Identified the +3 hand axe "Horyz Uhiel" {speed, +Blink rC-
                  | rN+++ Dex-5}
  6481 | IceCv    | Glimpsed the power of Zot.
  6589 | Lair:5   | Reached skill level 18 in Long Blades
  6611 | Lair:4   | HP: 3/116 [poisoned by a black mamba]
  6630 | Lair:4   | HP: 5/116 [poisoned by a black mamba]
  6758 | Lair:5   | Reached XP level 15. HP: 79/123 MP: 20/20
  6795 | Lair:5   | Reached skill level 15 in Dodging
  6815 | Lair:5   | Reached skill level 19 in Long Blades
  6969 | Snake:1  | Entered Level 1 of the Snake Pit
  6990 | Snake:1  | Noticed Kirke
  7011 | Snake:1  | Killed Kirke
  7159 | Snake:1  | Shot with an arrow by a naga sharpshooter

Illustrated notes

Levels and vault maps discovered:
D:1:      mrwooster_arrival_arrow, layout_rooms,
          shapermc_ecumenical_altar_totnotflames, nicolae_hexahallways
D:2:      layout_basic, serial_bayou_lagoon_a, minmay_misc_feat_secret_circle
D:3:      layout_rooms, nicolae_wu_jian_immortal_techniques, uniq_jessica
D:4:      layout_loops_ring, kennysheep_okawaru_gauntlet,
          overflow_temple_1_default, uniq_edmund, uniq_ijyb, uniq_duvessa
D:5:      minmay_diamond_boxcup, layout_layer_cave,
          nicolae_dithmenos_shadow_blocks, nicolae_ru_great_annihilating_truth,
          ebering_ghost_sewer_f, serial_shops, nicolae_shop_hallway_plus
D:6:      layout_layer_cave, kiku_gazebo_pond_becter,
          minmay_temple_entry_drinking_statues, gammafunk_ghost_split
D:7:      layout_basic, mainiacjoe_overflow_brackets, guppyfry_shop_venom,
          uniq_pikel, uniq_prince_ribbit1, uniq_crazy_yiuf_cottage
D:8:      layout_basic, pdpol_temple_overflow_zin_treasury_gozag_greed,
          mainiacjoe_overflow_small_starburst, led_xom_imps,
          kennysheep_opposing_triangles
D:9:      layout_small_grid, grunt_potential
D:10:     layout_gridville, due_lair_maze_entry_diamond, david_orc_3, uniq_urug
Temple:   bh_familiar_temple
Lair:1:   layout_layer_cave, cheibrodos_lair_lostbears
Lair:2:   wad_woods_04, layout_long_grid, minmay_swamp_entry_worms,
          dummy_snake_entry, st_stairs_5, uniq_amaemon, uniq_harold
Lair:3:   layout_cave_pods, basic_altar, grunt_megastairs_1
Lair:4:   layout_gridlike, portal_ice_cave_entry_pillars_2,
          gammafunk_ghost_necromancy, chequers_serial_rivers_micro_a
Lair:5:   hellmonk_lair_end_abyssal_woods, layout_loops_ring,
          minmay_slime_entry_oklob_open, gammafunk_ghost_icy,
          chequers_serial_rivers_large_a, small_statue_intersection,
          grunt_forest_small_clearing_treed
Snake:1:  layout_onion_interference, ebering_ghost_xom, uniq_kirke
Snake:2:  layout_layer_cave, st_stairs_8

Skill      XL: |  1  2  3  4  5  6  7  8  9 10 11 12 13 14 15 |
---------------+----------------------------------------------+-----
Earth Magic    | 4 5 6 7 8 10 12 | 12.4
Fighting       | 4 8 9 |  9.1
Dodging        | 8 12 14 15 | 15.3
Evocations     | 6 |  6.0
Long Blades    | 8 14 18 19 | 19.4
Stealth        | |  1.4
Spellcasting   | |  2.6
Transmutations | |  1.2

Action                   |  1- 3 |  4- 6 |  7- 9 | 10-12 | 13-15 || total
-------------------------+-------+-------+-------+-------+-------++-------
Melee: Unarmed           |     5 |       |       |       |       ||     5
       Rapier            |       |     3 |     7 |       |       ||    10
       Dagger            |       |       |       |     9 |       ||     9
       Staff             |       |       |       |     2 |       ||     2
       Triple sword      |       |       |       |    22 |   453 ||   475
Throw: Javelin           |       |       |       |     1 |       ||     1
 Cast: Sandblast         |    40 |    56 |   101 |   380 |    46 ||   623
       Passwall          |       |       |     2 |     1 |       ||     3
       Stone Arrow       |       |       |       |       |     1 ||     1
       Lee's Rapid Decon |       |       |       |       |     3 ||     3
Evoke: Wand              |       |       |     3 |    18 |    16 ||    37
  Use: Scroll            |     1 |     1 |    10 |     8 |     9 ||    29
       Potion            |       |     1 |     1 |    10 |     8 ||    20
Armor: Robe              |     5 |    17 |    28 |    48 |       ||    98
       Skin              |       |       |    12 |       |       ||    12
       Leather armour    |       |       |       |    21 |   102 ||   123
Dodge: Dodged            |    15 |    28 |    37 |   418 |   571 ||  1069

Table legend: (Time is in decaauts)
 A = Elapsed time spent in this place.
 B = Non-inter-level travel time spent in this place.
 C = Inter-level travel time spent in this place.
 D = Time resting spent in this place.
 E = Time spent auto-exploring this place.
 F = Levels seen in this place.
 G = Mean time per level.
                   A        B        C        D        E       F      G
               +--------+--------+--------+--------+--------+-----+--------+
         Total |   7514 |   7126 |    388 |      0 |      0 |  19 |  395.5 |
       Dungeon |   4798 |   4570 |    228 |      0 |      0 |  10 |  479.8 |
        Temple |     94 |     65 |     29 |      0 |      0 |   1 |   94.0 |
          Lair |   1935 |   1805 |    130 |      0 |      0 |   5 |  387.0 |
     Snake Pit |    182 |    182 |      0 |      0 |      0 |   2 |   91.0 |
      Ice Cave |    503 |    503 |      0 |      0 |      0 |   1 |  503.0 |
               +--------+--------+--------+--------+--------+-----+--------+

Top non-repeatable levels by time:
     D:9: 783 daAuts
  Lair:1: 699 daAuts
     D:8: 610 daAuts
     D:5: 577 daAuts
     D:6: 568 daAuts
   IceCv: 503 daAuts
     D:4: 495 daAuts
     D:3: 392 daAuts
    D:10: 371 daAuts
     D:7: 352 daAuts
  Lair:4: 348 daAuts
  Lair:2: 341 daAuts
     D:1: 339 daAuts
     D:2: 307 daAuts
  Lair:3: 301 daAuts
